 Dungeon Crawl Stone Soup version 0.20.1-1-g8b1a95d (webtiles) character file.

10574 empire the Blocker (level 11, -4/82 HPs)
             Began as a Minotaur Fighter on Oct 23, 2017.
             Was a Believer of Nemelex Xobeh.
             Splashed by Maurice's acid (16 damage)
             ... on level 10 of the Dungeon.
             The game lasted 00:24:07 (8458 turns).

empire the Blocker (Minotaur Fighter)               Turns: 8458, Time: 00:24:09

Health: -4/82      AC: 14    Str: 21    XL:     11   Next: 38%
Magic:  10/10      EV: 15    Int:  5    God:    Nemelex Xobeh [**....]
Gold:   533        SH: 13    Dex: 20    Spells: 10/10 levels left

rFire    . . .     SeeInvis .   a - +2 flail (protect)
rCold    + + .     Gourm    .   c - +0 shield
rNeg     . . .     Faith    .   A - +1 chain mail {MR+}
rPois    .         Spirit   .   (helmet restricted)
rElec    .         Reflect  .   j - +2 cloak
rCorr    .         Harm     +   (no gloves)
MR       ++...                  o - +0 pair of boots
Stlth    ..........             p - amulet of harm
Regen    0.3/turn               v - ring "Kifisaoham" {+Fly rC++ MR+ Dex+7}
MPRegen  0.2/turn               (no ring)

@: corroded
A: retaliatory headbutt, horns 2
a: Renounce Religion, Evoke Flight


You were on level 10 of the Dungeon.
You worshipped Nemelex Xobeh.
Nemelex Xobeh was pleased with you.
You were not hungry.

You visited 2 branches of the dungeon, and saw 11 of its levels.
You also visited: Ossuary.

You collected 533 gold pieces.

Inventory:

Hand Weapons
 a - a +2 flail of protection (weapon)
 Q - a +4 scimitar of flaming
Armour
 c - a +0 shield (worn)
 j - a +2 cloak (worn)
 o - a +0 pair of boots (worn)
 w - a +0 large shield
 A - a +1 chain mail of magic resistance (worn)
Jewellery
 l - an uncursed ring of protection from magic {unknown}
 p - an amulet of harm (around neck)
 v - the ring "Kifisaoham" (left hand) {+Fly rC++ MR+ Dex+7}
   (You found it on level 5 of the Dungeon)

   [ring of flight]

   It affects your dexterity (+7).
   It greatly protects you from cold.
   It affects your resistance to hostile enchantments.
   It lets you fly.
Wands
 k - a wand of flame (21/48)
 E - a wand of polymorph (4/24)
 I - a wand of confusion (34/48)
 L - a wand of acid (6/15)
 S - a wand of polymorph (20/24)
Scrolls
 d - 3 scrolls of remove curse
 i - a scroll of recharging
 q - 6 scrolls of teleportation
 y - 4 scrolls of immolation
 B - 2 scrolls of enchant weapon
 J - a scroll of blinking
 K - 3 scrolls of identify
 N - a scroll of amnesia
 P - a scroll of torment {unknown}
 R - a scroll of fear {unknown}
Potions
 e - a potion of mutation
 m - 9 potions of curing
 n - a potion of lignification
 s - 3 potions of degeneration
 t - a potion of cancellation
 u - 4 potions of brilliance
 z - 3 potions of haste
 C - a potion of resistance
Miscellaneous
 x - a plain deck of destruction
 D - a plain deck of destruction
 F - a legendary deck of destruction
 M - a plain deck of destruction
Comestibles
 f - 8 bread rations
 h - 20 fruits
 r - 3 royal jellies
 G - 3 meat rations
 O - 4 chunks of flesh


   Skills:
 - Level 3.6 Fighting
 - Level 10.0 Maces & Flails
 - Level 11.0 Armour
 - Level 11.0 Dodging
 + Level 11.2 Shields


You had 10 spell levels left.
You didn't know any spells.

Dungeon Overview and Level Annotations

Branches:
Dungeon (10/15)            Temple (1/1) D:6             Orc (0/2) D:9
   Lair: D:8-11

Altars:
Ashenzari
Cheibriados
Dithmenos
Elyvilon
Fedhas
Gozag
Hepliaklqana
Kikubaaqudgha
Makhleb
Nemelex Xobeh
Okawaru
Qazlal
Ru
Sif Muna
Trog
Uskayaw
Vehumet
Xom
Yredelemnul
Zin
The Shining One

Shops:
D:4 :

Annotations:
D:3 1 exclusion
D:10 Maurice


Innate Abilities, Weirdness & Mutations

You reflexively headbutt those who attack you in melee.
You have a pair of horns on your head.


Message History

Evoke which item? (* to show all) (? for menu, Esc to quit)
Okay, then.
Evoke which item? (* to show all) (? for menu, Esc to quit)
Aiming: Corrosive Bolt
Press: ? - help, Shift-Dir - straight line, f - centaur
Aim: a centaur, wielding a shortbow (grey smoke)
The bolt of acid hits the centaur.
The centaur is splashed with acid.
The acid corrodes the centaur!
The centaur is severely wounded.
This wand has 6 charges left.
The centaur shoots an arrow.
The arrow hits you.
* * * LOW HITPOINT WARNING * * *
You hear a shout!
You feel much better.
You hear a zap.
A bolt of acid appears from out of thin air!
The bolt of acid hits you!
* * * LOW HITPOINT WARNING * * *
You are splashed with acid!
The acid burns!
You die...
Your body disappears without a glow.

#..........# #.....# #..
#..........###.....# #..
.................### #..
.................# #..
O.......##.......# #..
.....§§§##.......#####..
....§§§§##.......##.....
..c(§§c§##.......##.....
...###{@§...............
#§§.(....#.........
#.....####.....####
#.....# ####### #.....#
#.....# #######


You could see a centaur.

Vanquished Creatures
  A two-headed ogre (D:8)
  Erica (D:9)
  The ghost of Rankstrail the Cleaver, a novice HuBe of Trog (D:10)
  The ghost of Elmdore the Cruncher, a novice GrEE of Hepliaklqana (D:9)
  Pikel (D:9)
  An ugly thing (D:9)
  The ghost of Jazqa the Fighter, a novice MiBe of Trog (D:5)
  A troll (D:9)
  A hippogriff (D:9)
  Prince Ribbit (D:6)
  6 yaks (D:9)
  Menkaure (D:5)
  2 water moccasins
  6 orc warriors
  2 black bears (D:6)
  A sky beast (D:7)
  2 ice beasts
  6 ogres
  The ghost of equalderp2856 the Chopper, an amateur MiFi (D:3)
  A phantom (D:4)
  2 centaurs
  4 elf zombies (Ossuary)
  4 bullfrogs
  A big kobold (D:7)
  4 scorpions
  10 killer bees
  3 howler monkeys
  8 crimson imps
  3 human zombies (Ossuary)
  2 quasits
  5 orc priests
  5 centaur zombies (Ossuary)
  8 hounds
  A jelly (D:10)
  2 centaur skeletons
  7 orc wizards
  6 iguanas
  10 worker ants
  3 mummies (Ossuary)
  A worker ant zombie (D:5)
  A howler monkey skeleton (D:7)
  8 adders
  4 gnolls (D:7)
  A shadow imp (D:5)
  3 adder skeletons
  2 worms
  2 dart slugs
  5 leopard geckos
  28 orcs
  2 ball pythons (D:1)
  6 giant cockroaches
  14 goblins
  7 hobgoblins
  11 jackals
  14 kobolds
  A ball python skeleton (D:4)
  6 bats
  7 frilled lizards
  6 rats
255 creatures vanquished.

Vanquished Creatures (others)
  2 slaves (D:9)
  A hungry ghost (D:9)
3 creatures vanquished.

Grand Total: 258 creatures vanquished

Notes
Turn   | Place    | Note
-------+----------+-------------------------------------------
     0 | D:1      | empire the Minotaur Fighter began the quest for the Orb.
     0 | D:1      | Reached XP level 1. HP: 19/19 MP: 0/0
   142 | D:1      | Reached XP level 2. HP: 25/26 MP: 1/1
   792 | D:2      | Found a deep blue altar of Sif Muna.
   827 | D:2      | Reached XP level 3. HP: 29/31 MP: 2/2
   983 | D:2      | Found a shimmering altar of Xom.
  1133 | D:3      | Reached skill level 5 in Maces & Flails
  1167 | D:3      | Reached XP level 4. HP: 13/39 MP: 3/3
  1289 | D:3      | Noticed equalderp2856's ghost (amateur MiFi)
  1299 | D:3      | Killed equalderp2856's ghost
  1299 | D:3      | Reached XP level 5. HP: 19/45 MP: 4/4
  1318 | D:3      | Found a hazy altar of Hepliaklqana.
  1736 | D:4      | Found a glowing golden altar of the Shining One.
  1875 | D:4      | Noticed an ogre
  1883 | D:4      | Killed an ogre
  1883 | D:4      | Reached XP level 6. HP: 32/51 MP: 5/5
  2134 | D:4      | Found Geosoenei's Book Boutique.
  2390 | D:4      | Reached XP level 7. HP: 57/57 MP: 6/6
  2666 | D:5      | Entered Level 5 of the Dungeon
  2691 | D:5      | Found an opulent altar of Gozag.
  2747 | D:5      | Got a scintillating golden ring
  2748 | D:5      | Identified the ring "Kifisaoham" {+Fly rC++ MR+ Dex+7} (You found it on level 5 of the Dungeon)
  2767 | D:5      | Noticed Menkaure
  2774 | D:5      | Killed Menkaure
  2774 | D:5      | Reached skill level 10 in Maces & Flails
  2792 | D:5      | Found a white marble altar of Elyvilon.
  2792 | D:5      | Found a blossoming altar of Fedhas.
  3172 | D:5      | Found a stormy altar of Qazlal.
  3172 | D:5      | Found an iron altar of Okawaru.
  3172 | D:5      | Found an ancient bone altar of Kikubaaqudgha.
  3173 | D:5      | Found a bloodstained altar of Trog.
  3188 | D:5      | Noticed Jazqa's ghost (novice MiBe)
  3200 | D:5      | Killed Jazqa's ghost
  3200 | D:5      | Reached XP level 8. HP: 58/64 MP: 7/7
  3255 | D:5      | Found a sparkling altar of Nemelex Xobeh.
  3303 | D:5      | Became a worshipper of Nemelex Xobeh the Trickster
  3428 | D:5      | Received a gift from Nemelex Xobeh
  3707 | D:6      | Noticed Prince Ribbit
  3722 | D:6      | Killed Prince Ribbit
  3844 | D:6      | Reached skill level 10 in Armour
  3852 | D:6      | Reached * piety under Nemelex Xobeh
  3933 | D:6      | Found a sand-covered staircase.
  3938 | Ossuary  | Entered an ossuary
  3947 | Ossuary  | Received a gift from Nemelex Xobeh
  4040 | Ossuary  | Reached XP level 9. HP: 63/70 MP: 8/8
  4091 | Ossuary  | Reached skill level 1 in Dodging
  4310 | D:6      | Found a staircase to the Ecumenical Temple.
  4353 | Temple   | Entered the Ecumenical Temple
  4821 | D:7      | Reached skill level 5 in Dodging
  4837 | D:7      | Received a gift from Nemelex Xobeh
  5449 | D:8      | Reached ** piety under Nemelex Xobeh
  5695 | D:8      | Noticed a two-headed ogre
  5702 | D:8      | Reached XP level 10. HP: 74/77 MP: 9/9
  5720 | D:8      | Killed a two-headed ogre
  6142 | D:8      | Reached skill level 10 in Dodging
  6236 | D:9      | Found a staircase to the Orcish Mines.
  6238 | D:9      | Received a gift from Nemelex Xobeh
  6563 | D:9      | Noticed Elmdore's ghost (novice GrEE)
  6595 | D:9      | Killed Elmdore's ghost
  6665 | D:9      | Noticed Pikel
  6674 | D:9      | Killed Pikel
  6674 | D:9      | Reached skill level 5 in Shields
  6865 | D:9      | Noticed Erica
  6896 | D:9      | Killed Erica
  7217 | D:9      | Reached XP level 11. HP: 75/82 MP: 10/10
  7238 | D:9      | Noticed a brown ugly thing
  7254 | D:9      | Killed a brown ugly thing
  7406 | D:9      | Reached skill level 10 in Shields
  7701 | D:9      | Found a sacrificial altar of Ru.
  7922 | D:10     | Entered Level 10 of the Dungeon
  8171 | D:10     | Noticed Rankstrail's ghost (novice HuBe)
  8206 | D:10     | Killed Rankstrail's ghost
  8451 | D:10     | Noticed Maurice
  8458 | D:10     | Splashed by Maurice's acid

Skill      XL: |  1  2  3  4  5  6  7  8  9 10 11 |
---------------+----------------------------------+-----
Maces & Flails | 3 4 5 6 7 9 10 | 10.0
Armour         | 7 10 11 | 11.0
Dodging        | 8 11 | 11.0
Shields        | 8 11 | 11.2
Fighting       | |  3.6

Action                   |  1- 3 |  4- 6 |  7- 9 | 10-12 || total
-------------------------+-------+-------+-------+-------++-------
Melee: Flail             |    92 |    91 |   348 |   285 ||   816
       Headbutt          |    13 |    19 |   102 |    81 ||   215
Evoke: Wand              |       |       |       |     3 ||     3
  Use: Potion            |       |     1 |     2 |     9 ||    12
       Scroll            |       |       |    24 |     1 ||    25
  Eat: Chunk             |       |     5 |    10 |     9 ||    24
       Fruit             |       |       |     1 |       ||     1
Armor: Scale mail        |    46 |    32 |    20 |       ||    98
       Chain mail        |       |       |   155 |    97 ||   252
Dodge: Dodged            |    35 |    25 |    83 |   103 ||   246
Block: Shield            |    57 |    40 |   190 |   148 ||   435
